 Dungeon Crawl Stone Soup version 0.31.0-9-g3a7656b989 (webtiles) character file.

Game seed: 17445794576863349082

110450 Armakuni the Master Archer (level 16, -1/97 HPs)
             Began as a Deep Elf Gladiator on Jan 24, 2024.
             Was a Priest of Qazlal.
             Slain by a steelbarb worm simulacrum (4 damage)
             ... on level 1 of the Spider Nest on Jan 25, 2024.
             The game lasted 01:16:03 (22829 turns).

Armakuni the Master Archer (Deep Elf Gladiator)    Turns: 22829, Time: 01:16:04

Health: -1/97      AC:  8    Str: 14    XL:     16   Next: 7%
Magic:  22/27      EV: 39    Int: 15    God:    Qazlal [***...]
Gold:   275        SH:  4    Dex: 34    Spells: 7/15 levels left

rFire   + . .        a - +3 sling (heavy)
rCold   + + .        (no shield)
rNeg    + . .        i - +0 troll leather armour
rPois   +            Q - -2 hat of the Alchemist {rElec rPois rF+ rC+ rN+ Will+ rMut rCorr}
rElec   +            R - +2 cloak {Will+}
rCorr   +            q - +0 pair of gloves
SInv    .            n - +1 pair of boots
Will    +++..        A - amulet of the acrobat
Stlth   ++           D - +6 ring of dexterity
HPRegen 1.16/turn    J - ring "Vuinnuno" {rC+ Dex+6 Slay+2}
MPRegen 0.20/turn

%: acrobat, clarity, resist mutation
@: spiked, acrobatic, studying 2 skills
A: antennae 1, agile 1, clarity, mutation resistance 1, sense surroundings 1
a: Renounce Religion, Upheaval, Elemental Force


You were on level 1 of the Spider Nest.
You worshipped Qazlal.
Qazlal was most pleased with you.
You visited 5 branches of the dungeon, and saw 23 of its levels.
You also visited: Sewer.

You collected 2056 gold pieces.
You spent 1781 gold pieces at shops.

Inventory:

Hand Weapons
 a - a +3 heavy sling (weapon)
 O - the +6 scimitar "Viduxkil" {vamp, rPois}
   (You took it off an orc knight on level 1 of the Orcish Mines)

   rPois:     It protects you from poison
Missiles
 d - a throwing net
 e - 11 javelins
 f - 6 curare-tipped darts
Armour
 i - a +0 troll leather armour (worn)
 n - a +1 pair of boots (worn)
 q - a +0 pair of gloves (worn)
 Q - the -2 hat of the Alchemist (worn) {rElec rPois rF+ rC+ rN+ Will+ rMut rCorr}
   (You bought it in a shop on level 2 of the Orcish Mines)

   rF+:       It protects you from fire.
   rC+:       It protects you from cold.
   rElec:     It insulates you from electricity.
   rPois:     It protects you from poison rN+: It protects you from negative
   energy.
   Will+:     It increases your willpower.
   rCorr:     It protects you from acid and corrosion.
   rMut:      It protects you from mutation.
 R - a +2 cloak of willpower (worn)
Magical Staves
 b - a staff of conjuration
Jewellery
 A - an amulet of the acrobat (around neck)
 D - a +6 ring of dexterity (left hand)
 J - the ring "Vuinnuno" (right hand) {rC+ Dex+6 Slay+2}
   (You took it off an orc warrior on level 1 of the Orcish Mines)

   [ring of dexterity]

   Dex+6:     It affects your dexterity (+6).
   Slay+2:    It affects your accuracy & damage with ranged weapons and melee
   (+2).
   rC+:       It protects you from cold.
 N - a ring of positive energy
Wands
 c - a wand of charming (22)
 j - a wand of quicksilver (2)
 m - a wand of mindburst (2)
 r - a wand of roots (10)
 v - a wand of flame (31)
 I - a wand of digging (7)
Scrolls
 g - 3 scrolls of silence
 h - 2 scrolls of fog
 l - a scroll of poison
 o - 6 scrolls of identify
 t - 2 scrolls of fear
 z - a scroll of amnesia
 B - 3 scrolls of teleportation
 C - 2 scrolls of vulnerability
 E - 2 scrolls of butterflies
 X - 2 scrolls of brand weapon
Potions
 k - 5 potions of magic
 p - 7 potions of haste
 s - 4 potions of enlightenment
 u - 2 potions of curing
 w - 2 potions of brilliance
 x - 2 potions of lignification
 F - 2 potions of might {unknown}
 G - a potion of berserk rage
 L - 3 potions of heal wounds
 M - a potion of mutation
 P - a potion of invisibility
Miscellaneous
 H - a sack of spiders


   Skills:
 - Level 10.0 Fighting
 - Level 3.0 Staves
 O Level 27 Ranged Weapons
 - Level 2.0 Throwing
 - Level 5.0 Armour
 - Level 10.0 Dodging
 - Level 5.0 Hexes
 + Level 12.0 Invocations
 - Level 5.0 Evocations


You had 7 spell levels left.
You knew the following spells:

 Your Spells              Type           Power      Damage    Failure   Level
a - Apportation           Tloc           0%         N/A       32%         1
b - Blink                 Tloc           0%         N/A       45%         2
j - Jinxbite              Hex            30%        N/A       6%          2
w - Passwall              Erth           0%         N/A       69%         3

Your spell library contained the following spells:

 Spells                   Type           Power      Damage    Failure   Level
 Ensorcelled Hibernation  Hex/Ice        14%        N/A       19%         2
 Magic Dart               Conj           0%         1d3       32%         1
 Necrotise                Necr           0%         1d4       32%         1
 Sandblast                Erth           0%         2d4       32%         1
 Shock                    Conj/Air       0%         1d3       32%         1
 Sting                    Conj/Alch      0%         1d3       32%         1
 Summon Small Mammal      Summ           0%         N/A       32%         1
 Call Imp                 Summ           0%         N/A       45%         2
 Sublimation of Blood     Necr           0%         N/A       45%         2
 Fugue of the Fallen      Necr           0%         N/A       69%         3
 Stone Arrow              Conj/Erth      0%         3d7       69%         3
 Swiftness                Air            0%         N/A       69%         3
 Anguish                  Hex/Necr       3%         N/A       75%         4
 Airstrike                Air            0%         2d(0-16)  97%         4
 Brom's Barrelling Bould  Conj/Erth      0%         2d3       97%         4
 Leda's Liquefaction      Alch/Erth      0%         N/A       97%         4
 Yara's Violent Unravell  Hex/Alch       3%         3d4       97%         5
 Lee's Rapid Deconstruct  Erth           0%         3d4*      100%        5
 Bombard                  Conj/Erth      0%         9d1       100%        6
 Enfeeble                 Hex            7%         N/A       100%        7
 Summon Hydra             Summ           0%         N/A       100%        7


Dungeon Overview and Level Annotations

Branches:
Dungeon (14/15)            Temple (1/1) D:5            Lair (5/5) D:10
 Shoals (0/4) Lair:3       Spider (1/4) Lair:3        Slime (0/5) Lair:4
    Orc (2/2) D:10            Elf (0/3) Orc:2         Sewer (visited)
 Vaults: D:13-14

Altars:
Ashenzari
Cheibriados
Dithmenos
Elyvilon
Fedhas
Gozag
Hepliaklqana
Kikubaaqudgha
Makhleb
Nemelex Xobeh
Okawaru
Qazlal
Ru
Sif Muna
Trog
Uskayaw
Vehumet
Wu Jian
Xom
Yredelemnul
Zin
The Shining One
Jiyva

Shops:
D:1 ([[   D:9 (   D:10 [   Orc:2 (:[*

Portals:
Hell: Lair:5

Annotations:
Temple 2 transporters


Innate Abilities, Weirdness & Mutations

You have a pair of small antennae on your head.
You are agile. (Dex +4, Str/Int -1)
You possess an exceptional clarity of mind.
You are somewhat resistant to further mutation.
You passively map a small area around you.


Message History

Your air elemental fires a burst of electricity at the steelbarb worm.
The stunning burst hits the steelbarb worm!
The steelbarb worm is paralysed.
You shoot a sling bullet.
The sling bullet hits the steelbarb worm!!
The steelbarb worm is almost dead.
The steelbarb worm is no longer paralysed.
Your air elemental closely misses the steelbarb worm.
Your air elemental hits the steelbarb worm.
The steelbarb worm dies!
Qazlal accepts your kill.
A freezing mist starts to gather...
The redback bites your earth elemental!
Your Invocations skill increases to level 12!
A steelbarb worm simulacrum comes into view.
You shoot a sling bullet.
The sling bullet barely misses the jumping spider simulacrum.
Your air elemental fires a burst of electricity at the redback.
The stunning burst hits the redback!
The redback is paralysed.
Your air elemental fires a burst of electricity at the redback.
The stunning burst hits the redback!
A redback comes into view.
You block the jumping spider simulacrum's attack.
The jumping spider simulacrum completely misses you.
Your earth elemental hits the redback!!
The redback dies!
Qazlal accepts your kill.
Your life force feels restored.
The barbed spikes dig painfully into your body as you move.
* * * LOW HITPOINT WARNING * * *
You block the jumping spider simulacrum's attack.
The jumping spider simulacrum bites you.
* * * LOW HITPOINT WARNING * * *
The jumping spider simulacrum freezes you.
You resist.
* * * LOW HITPOINT WARNING * * *
The steelbarb worm simulacrum hits you.
* * * LOW HITPOINT WARNING * * *
The steelbarb worm simulacrum freezes you.
You resist.
You die...

#..##
#..†..........##
####
##...........## * *
#...........# * ,
##.........## ##
#..........# , .##
#..........# ,
...###
###......○..## * ,
#...###........ZZ.#
##......#.....E@E##
,
#...#####.......††#
##..## ##......#..#
, , #...#
#########s.. ...##
*##... ..## *.##*
.## * . * ..# #* *
.##


You could see a redback, a jumping spider simulacrum (ally target), a steelbarb
worm simulacrum, a friendly earth elemental (summoned) and a friendly air
elemental (summoned).

Vanquished Creatures
  The ghost of decrepitude the Warrior, a journeyman MiFi of Uskayaw (Orc:2)
  The ghost of ggurman the Bludgeoner, a journeyman MiFi of Okawaru (Orc:2)
  3 orc warlords
  The ghost of Hans the Severer, a journeyman MiBe of Trog (Orc:1)
  The ghost of SlaveLabor the Spry, a journeyman SpEn of Wu Jian (Orc:2)
  An ettin (Orc:1)
  Josephine (Lair:5)
  The ghost of Gobbopathe the Fighter, a journeyman OpSh of Wu Jian (D:11)
  An entropy weaver (Spider:1)
  7 hydras
  Harold (Lair:2)
  An ogre mage (Orc:1)
  A catoblepas (Lair:1)
  Erica (Orc:1)
  A death knight (D:13)
  9 two-headed ogres
  2 boulder beetles
  11 death yaks
  2 demonic crawlers (Spider:1)
  A death scarab (Spider:1)
  Urug (Lair:4)
  2 orc high priests
  Nergalle (D:10)
  An occultist (Lair:5)
  Sonja (Lair:4)
  A sun demon (Lair:5)
  2 skysharks (Lair:4)
  4 skeletal warriors (D:12)
  5 pharaoh ants
  2 swamp dragons (Lair:4)
  A deep elf archer (Orc:1)
  2 orb spiders
  A deep elf zephyrmancer (Orc:1)
  3 deep elf pyromancers
  7 orc sorcerers
  7 orc knights
  5 oklob plants
  5 cyclopes
  2 wolf spiders
  Maurice (D:8)
  5 black mambas
  4 kobold blastminers
  17 elephants
  An orange demon (Lair:5)
  A torpor snail (Lair:3)
  A black mamba (shapeshifter) (D:13)
  4 gargoyles
  18 cane toads
  7 rime drakes
  2 kobold demonologists
  Psyche (D:10)
  2 ice devils (Lair:5)
  9 komodo dragons
  2 red devils (Lair:5)
  A hellwing (Lair:5)
  13 trolls
  2 tarantellas
  A polar bear (Lair:4)
  6 blink frogs (Lair:5)
  Grinder (D:4)
  7 dream sheep (Lair:5)
  8 slime creatures
  11 jumping spiders
  9 wraiths
  A shadow (D:11)
  2 culicivoras (Spider:1)
  6 wyverns
  25 yaks
  4 wargs
  5 basilisks
  A golden eye (Lair:5)
  4 vampire mosquitoes
  11 redbacks (Spider:1)
  3 steam dragons (D:7)
  3 acid dragons
  18 water moccasins
  5 hell hounds (Lair:5)
  A sky beast (D:6)
  A swamp drake (Lair:4)
  2 ice beasts
  33 orc warriors
  2 black bears
  15 wolves
  5 ogres
  A centaur (D:9)
  4 phantoms
  11 kobold brigands
  13 bullfrogs
  4 scorpions
  3 gnoll sergeants
  15 wights
  16 killer bees
  4 howler monkeys
  3 bombardier beetles
  4 jellies
  18 orc priests
  2 hounds (D:5)
  A gnoll bouda (D:8)
  9 iguanas
  A sleepcap (D:5)
  24 orc wizards
  2 hell rats (Lair:5)
  17 gnolls
  8 adders
  5 river rats (Sewer)
  6 shadow imps
  5 white imps
  6 dart slugs
  51 orcs
  7 ball pythons
  5 endoplasms
  8 giant cockroaches
  4 goblins
  2 hobgoblins
  2 jackals (D:4)
  5 quokkas
  5 bats
  2 frilled lizards
  70 kobolds
  29 rats
754 creatures vanquished.

Vanquished Creatures (collateral kills)
  A steelbarb worm (Spider:1)
  A deep elf pyromancer (Orc:1)
  An elephant (Lair:1)
  A cane toad (Lair:1)
  A jumping spider (Spider:1)
  A redback (Spider:1)
  3 orc warriors (Orc:1)
  5 hell rats (Lair:5)
14 creatures vanquished.

Vanquished Creatures (others)
  A vampire mosquito (D:12)
  A water moccasin (Lair:1)
  An orc (Orc:1)
3 creatures vanquished.

Grand Total: 771 creatures vanquished

Notes
Turn   | Place    | Note
-------+----------+-------------------------------------------
     0 | D:1      | Armakuni the Deep Elf Gladiator began the quest for the
                  | Orb.
     0 | D:1      | Reached XP level 1. HP: 12/12 MP: 3/3
    89 | D:1      | Found Vatzize's Armour Emporium.
   102 | D:1      | Reached XP level 2. HP: 15/17 MP: 4/4
   119 | D:1      | Found Lahotic's Armour Shop.
   245 | D:1      | Found Lequrr Sori's Antique Weapon Shop.
  1003 | D:2      | Reached XP level 3. HP: 22/22 MP: 5/5
  1421 | D:2      | Reached skill level 1 in Ranged Weapons
  1662 | D:3      | Reached skill level 2 in Ranged Weapons
  1664 | D:3      | Reached XP level 4. HP: 10/28 MP: 6/6
  1863 | D:3      | Found a glowing drain.
  1874 | Sewer    | Entered a sewer
  1987 | Sewer    | Noticed a kobold brigand
  2022 | Sewer    | Killed a kobold brigand
  2023 | Sewer    | Reached skill level 3 in Ranged Weapons
  2023 | Sewer    | Reached XP level 5. HP: 33/33 MP: 7/7
  2515 | Sewer    | Reached skill level 4 in Ranged Weapons
  2896 | D:3      | Reached XP level 6. HP: 17/39 MP: 8/8
  2989 | D:3      | Learned a level 2 spell: Jinxbite
  3559 | D:4      | Reached skill level 1 in Hexes
  3778 | D:4      | Noticed Grinder
  3977 | D:4      | Reached skill level 5 in Hexes
  3977 | D:4      | Reached XP level 7. HP: 41/44 MP: 7/9
  3984 | D:4      | Learned a level 1 spell: Apportation
  4070 | D:4      | Paralysed by Grinder for 4 turns
  4203 | D:4      | Killed Grinder
  4204 | D:4      | Reached skill level 6 in Ranged Weapons
  4404 | D:4      | Gained mutation: Your body sometimes deteriorates upon
                  | taking damage. [potion of mutation]
  4404 | D:4      | Gained mutation: Your spells are a little harder to cast,
                  | but a little more powerful. [potion of mutation]
  4404 | D:4      | Gained mutation: You have a pair of small antennae on your
                  | head. [potion of mutation]
  4410 | D:4      | Reached skill level 7 in Ranged Weapons
  4580 | D:4      | Found a sacrificial altar of Ru.
  4608 | D:4      | Reached skill level 8 in Ranged Weapons
  4738 | D:5      | Entered Level 5 of the Dungeon
  4742 | D:5      | Reached XP level 8. HP: 48/48 MP: 10/10
  4809 | D:5      | Found an ancient bone altar of Kikubaaqudgha.
  4823 | D:5      | Found a staircase to the Ecumenical Temple.
  4869 | D:5      | Reached skill level 9 in Ranged Weapons
  4895 | Temple   | Found a transporter.
  4895 | Temple   | Found a transporter.
  4895 | Temple   | Found a transporter.
  4895 | Temple   | Found a transporter.
  4895 | Temple   | Entered the Ecumenical Temple
  4910 | Temple   | Became a worshipper of Qazlal Stormbringer
  5019 | D:5      | Identified the +0 robe of Limpot {Slay+3}
  5035 | D:5      | Lost mutation: Your spells are a little harder to cast, but
                  | a little more powerful. [potion of mutation]
  5035 | D:5      | Lost mutation: Your body sometimes deteriorates upon taking
                  | damage. [potion of mutation]
  5035 | D:5      | Gained mutation: You passively map a small area around you.
                  | [potion of mutation]
  5035 | D:5      | Gained mutation: You are agile. (Dex +4, Str/Int -1)
                  | [potion of mutation]
  5035 | D:5      | Gained mutation: You possess an exceptional clarity of
                  | mind. [potion of mutation]
  5035 | D:5      | Gained mutation: You are somewhat resistant to further
                  | mutation. [potion of mutation]
  5259 | D:5      | Reached skill level 10 in Ranged Weapons
  5468 | D:6      | Reached skill level 11 in Ranged Weapons
  5607 | D:6      | Reached skill level 12 in Ranged Weapons
  5728 | D:6      | Reached * piety under Qazlal
  5737 | D:6      | Reached XP level 9. HP: 26/52 MP: 11/11
  6195 | D:6      | Reached skill level 13 in Ranged Weapons
  6945 | D:7      | Reached skill level 14 in Ranged Weapons
  6945 | D:7      | Reached skill level 1 in Invocations
  7012 | D:7      | Reached ** piety under Qazlal
  7248 | D:7      | Reached skill level 1 in Armour
  7336 | D:7      | Reached skill level 5 in Fighting
  7933 | D:7      | HP: 2/55 [killer bee (2)]
  8127 | D:7      | Reached XP level 10. HP: 59/60 MP: 14/14
  8180 | D:8      | Reached *** piety under Qazlal
  8183 | D:8      | Noticed Maurice
  8199 | D:8      | Killed Maurice
  8304 | D:8      | Noticed a two-headed ogre
  8311 | D:8      | Killed a two-headed ogre
  8717 | D:9      | Reached skill level 5 in Armour
  8979 | D:9      | Found Muikex's Antique Weapon Shop.
  9072 | D:9      | Noticed a two-headed ogre
  9081 | D:9      | Killed a two-headed ogre
  9342 | D:10     | Entered Level 10 of the Dungeon
  9351 | D:10     | Reached XP level 11. HP: 69/69 MP: 16/16
  9381 | D:10     | Noticed Psyche
  9386 | D:10     | Killed Psyche
  9395 | D:10     | Noticed Nergalle
  9403 | D:10     | HP: 1/62 [Nergalle/bolt of negative energy (25)]
  9525 | D:10     | Found a staircase to the Orcish Mines.
  9714 | D:10     | Found a shimmering altar of Xom.
  9821 | D:10     | Found Syze's Armour Boutique.
  9836 | D:10     | Killed Nergalle
  9837 | D:10     | Reached skill level 5 in Invocations
 10231 | D:10     | Found a bloodstained altar of Trog.
 10231 | D:10     | Found a white marble altar of Elyvilon.
 10446 | D:10     | Found a staircase to the Lair.
 10478 | Lair:1   | Entered Level 1 of the Lair of Beasts
 10525 | Lair:1   | Reached skill level 10 in Fighting
 10739 | Lair:1   | Noticed a catoblepas
 10767 | Lair:1   | Killed a catoblepas
 10982 | Lair:1   | Identified the +2 cloak "Baiwi" {^Drain rF+ rCorr}
 11059 | Lair:1   | Reached XP level 12. HP: 77/77 MP: 21/21
 11237 | Lair:1   | Noticed a death yak
 11242 | Lair:1   | Noticed a death yak
 11244 | Lair:1   | Noticed a death yak
 11246 | Lair:1   | Noticed a death yak
 11247 | Lair:1   | Killed a death yak
 11247 | Lair:1   | Noticed a death yak
 11248 | Lair:1   | Reached skill level 5 in Dodging
 11248 | Lair:1   | Reached skill level 10 in Invocations
 11471 | D:11     | Found a sacrificial altar of Ru.
 11765 | D:11     | Found a runed translucent gate.
 11765 | D:11     | Found a runed translucent gate.
 11766 | D:11     | Found a runed translucent gate.
 11770 | D:11     | Noticed Gobbopathe's ghost (journeyman OpSh)
 11927 | D:11     | You fall into a shaft and drop 2 floors!
 11928 | D:13     | Noticed a death knight
 11937 | D:13     | Noticed a two-headed ogre
 11945 | D:13     | Killed a death knight
 11951 | D:13     | Killed a two-headed ogre
 12091 | D:13     | Noticed a boulder beetle
 12101 | D:13     | Killed a boulder beetle
 12105 | D:13     | Reached skill level 10 in Dodging
 12105 | D:13     | Reached skill level 1 in Evocations
 12762 | D:11     | Killed Gobbopathe's ghost
 12930 | D:12     | Reached skill level 5 in Evocations
 13000 | D:12     | Noticed a two-headed ogre
 13021 | D:12     | Killed a two-headed ogre
 13133 | D:12     | Reached skill level 15 in Ranged Weapons
 13315 | D:12     | Reached XP level 13. HP: 41/82 MP: 6/22
 13317 | D:12     | Reached skill level 16 in Ranged Weapons
 14518 | Lair:1   | Reached skill level 17 in Ranged Weapons
 14639 | Lair:2   | Noticed Harold
 14644 | Lair:2   | Killed Harold
 14940 | Lair:2   | Reached skill level 18 in Ranged Weapons
 15745 | Lair:3   | Found a hole to the Spider Nest.
 15749 | Lair:3   | Reached skill level 19 in Ranged Weapons
 15785 | Lair:3   | Found a staircase to the Shoals.
 16341 | Lair:3   | Reached skill level 20 in Ranged Weapons
 16437 | Lair:3   | Reached XP level 14. HP: 58/88 MP: 20/23
 17095 | Lair:4   | Found a viscous altar of Jiyva.
 17095 | Lair:4   | Found a staircase to the Slime Pits.
 17129 | Lair:4   | Reached skill level 21 in Ranged Weapons
 17169 | Lair:4   | Noticed Urug
 17177 | Lair:4   | Killed Urug
 17539 | Lair:4   | Noticed Sonja
 17545 | Lair:4   | Killed Sonja
 17819 | Lair:5   | Entered Level 5 of the Lair of Beasts
 17819 | Lair:5   | Noticed Josephine
 18017 | Lair:4   | Reached **** piety under Qazlal
 18090 | Lair:5   | Killed Josephine
 18091 | Lair:5   | Reached skill level 22 in Ranged Weapons
 18362 | Lair:5   | Reached skill level 23 in Ranged Weapons
 18582 | Lair:5   | Identified the +1 robe of Generosity {rC- rCorr Str+3}
 18698 | Lair:5   | Found a burning altar of Makhleb.
 18814 | Lair:5   | Found a gateway to Hell.
 18870 | Lair:5   | Reached skill level 24 in Ranged Weapons
 19250 | Lair:5   | Reached XP level 15. HP: 92/92 MP: 24/24
 19526 | D:10     | Found a glowing golden altar of the Shining One.
 19592 | Orc:1    | Entered Level 1 of the Orcish Mines
 19609 | Orc:1    | Noticed Erica
 19658 | Orc:1    | Killed Erica
 19680 | Orc:1    | Paralysed by an orc sorcerer for 2 turns
 19991 | Orc:1    | Identified the +6 scimitar "Viduxkil" {vamp, rPois}
 20001 | Orc:1    | Reached skill level 25 in Ranged Weapons
 20198 | Orc:2    | Entered Level 2 of the Orcish Mines
 20205 | Orc:2    | Found a staircase to the Elven Halls.
 20521 | Orc:1    | Noticed Hans's ghost (journeyman MiBe)
 20573 | Orc:1    | Reached skill level 26 in Ranged Weapons
 20599 | Orc:1    | Identified the ring "Vuinnuno" {rC+ Dex+6 Slay+2}
 20608 | Orc:1    | Found a runed translucent gate.
 20608 | Orc:1    | Found a runed translucent gate.
 20608 | Orc:1    | Found a runed translucent gate.
 20762 | Orc:1    | Killed Hans's ghost
 21155 | Orc:2    | Found Kamaroy's Antique Weapon Boutique.
 21171 | Orc:2    | Found Zarph's Antique Armour Boutique.
 21178 | Orc:2    | Bought the -2 hat of the Alchemist {rElec rPois rF+ rC+ rN+
                  | Will+ rMut rCorr} for 1180 gold pieces
 21178 | Orc:2    | Found the -2 hat of the Alchemist {rElec rPois rF+ rC+ rN+
                  | Will+ rMut rCorr}
 21186 | Orc:2    | Bought a heavily runed scale mail for 225 gold pieces
 21186 | Orc:2    | Identified the +0 scale mail of Honour {rElec rF+ Will+
                  | Str-4} (You bought it in a shop on level 2 of the Orcish
                  | Mines)
 21270 | Orc:2    | Found a runed translucent gate.
 21270 | Orc:2    | Found a runed translucent gate.
 21270 | Orc:2    | Found a runed translucent gate.
 21278 | Orc:2    | Noticed decrepitude's ghost (journeyman MiFi)
 21278 | Orc:2    | Noticed ggurman's ghost (journeyman MiFi)
 21278 | Orc:2    | Noticed SlaveLabor's ghost (journeyman SpEn)
 21378 | Orc:2    | Found Ciluiruz's General Store.
 21385 | Orc:2    | Bought a potion of heal wounds for 75 gold pieces
 21444 | Orc:2    | Found Renoeni's Book Boutique.
 21566 | Orc:2    | Killed SlaveLabor's ghost
 21578 | Orc:2    | Killed ggurman's ghost
 21592 | Orc:2    | Killed decrepitude's ghost
 21647 | Orc:2    | Identified the +3 broad axe of the Other Side {protect, rC+
                  | Int+3}
 21722 | D:10     | Bought a +2 cloak of willpower for 301 gold pieces
 21954 | Spider:1 | Entered Level 1 of the Spider Nest
 21972 | Lair:3   | Reached skill level 27 in Ranged Weapons
 22306 | Spider:1 | Learned a level 2 spell: Blink
 22310 | Spider:1 | Learned a level 3 spell: Passwall
 22598 | Spider:1 | Reached XP level 16. HP: 97/97 MP: 26/26
 22829 | Spider:1 | HP: 3/97 [steelbarb worm simulacrum (4)]
 22829 | Spider:1 | Slain by a steelbarb worm simulacrum

Illustrated notes

Levels and vault maps discovered:
D:1:      dpeg_arrival_boxorama, layout_loops_ring, serial_shops, shop,
          nicolae_shop_crystal, shop_coins, serial_forest,
          infiniplex_forest_zigzag_1, infiniplex_forest_3_way,
          infiniplex_forest_lined_corner, infiniplex_forest_clump_C,
          infiniplex_forest_side_room, infiniplex_forest_split
D:2:      layout_basic, hangedman_decor_slide_cut, hangedman_decor_lopped
D:3:      layout_basic, gup_sewer_entry_pipe
D:4:      layout_basic, minmay_ruined_shrine, uniq_grinder
D:5:      layout_rooms, kiku_gazebo_pond_becter, minmay_temple_entry_poolview,
          kennysheep_path_1
D:6:      kennysheep_kobold_camp, layout_loops_corners
D:7:      layout_gridville
D:8:      layout_cave_pools, serial_demonic, serial_demonic_f, serial_demonic_g,
          serial_demonic_g, serial_demonic_g, minmay_manual_mess, uniq_maurice
D:9:      layout_basic, serial_shops, shop, st_stairs_11
D:10:     layout_irregular_city, nicolae_overflow_hidden_temple,
          erik_lair_dragon, david_orc_3, serial_shops, nicolae_shop_waterfront,
          uniq_nergalle, uniq_psyche
D:11:     layout_irregular_city, ebering_ghost_rock_garden,
          nicolae_ru_path_of_blood
D:12:     layout_cave_pods
D:13:     layout_loops_ring
D:14:     layout_stronghold, skrybe_vaults_entry_preservation, serial_shops,
          shop, nicolae_dithmenos_the_darkroom, drop_trap, uniq_louise
Temple:   hellmonk_temple_divided_pantheon
Lair:1:   layout_hall_layers, serial_bayou_lagoon_a, beast_lair_carwin_5
Lair:2:   layout_cellular_growth, serial_bayou_shore_b, uniq_harold
Lair:3:   layout_regular_city, shoals_dummy_entry,
          nicolae_spider_entry_orb_guardian, minmay_shattered_shrine
Lair:4:   layout_cave_pods, minmay_slime_entry_pillars, pond, uniq_sonja,
          uniq_urug
Lair:5:   evil_forest, layout_regular_city, disabler_island, uniq_josephine
Spider:1: layout_cave_pods
Orc:1:    layout_caves, gammafunk_ghost_split, elf_legates, uniq_erica
Orc:2:    grunt_orc_cross, layout_caves, gammafunk_ghost_cemetery, basic_altar

Skill      XL: |  1  2  3  4  5  6  7  8  9 10 11 12 13 14 15 16 |
---------------+-------------------------------------------------+-----
Fighting       | 2 3 4 5 8 10 | 10.0
Ranged Weapons | 2 3 4 8 12 14 15 20 24 27 | 27.0
Hexes          | 5 |  5.0
Invocations    | 3 4 9 10 11 12 | 12.0
Armour         | 3 5 |  5.0
Dodging        | 4 10 | 10.0
Evocations     | 5 |  5.0
Staves         | |  3.0
Throwing       | |  2.0

Action                     |  1- 3 |  4- 6 |  7- 9 | 10-12 | 13-15 | 16-18 || total
---------------------------+-------+-------+-------+-------+-------+-------++-------
  Melee: Quarterstaff      |    88 |    34 |       |       |       |       ||   122
   Fire: Sling             |       |   182 |   319 |   550 |  1127 |    39 ||  2217
  Throw: Throwing net      |     3 |     1 |       |     1 |     2 |       ||     7
         Dart              |       |       |       |     6 |     7 |       ||    13
   Cast: Jinxbite          |       |     4 |     7 |       |     1 |       ||    12
 Invoke: Upheaval          |       |       |       |    29 |    38 |       ||    67
         Elemental Force   |       |       |       |       |     4 |     1 ||     5
  Evoke: Wand              |       |       |     1 |    15 |     7 |       ||    23
         Sack of spiders   |       |       |       |       |     1 |       ||     1
    Use: Scroll            |     7 |     4 |     4 |    11 |     6 |       ||    32
         Potion            |     1 |     4 |     9 |     4 |     5 |       ||    23
   Stab: Sleeping          |     4 |       |       |       |       |       ||     4
 Armour: Leather armour    |    53 |   151 |    24 |       |       |       ||   228
         Robe              |       |       |    38 |       |       |       ||    38
         Steam dragon scal |       |       |    51 |     7 |       |       ||    58
         Acid dragon scale |       |       |       |    73 |       |       ||    73
         Skin              |       |       |       |    36 |       |       ||    36
         Troll leather arm |       |       |       |    39 |   316 |    20 ||   375
  Dodge: Dodged            |    64 |   198 |   146 |   215 |   762 |    48 ||  1433
         Repelled          |       |       |       |       |     4 |       ||     4
  Block: Other             |       |       |    19 |    46 |   125 |     7 ||   197
